 Dungeon Crawl Stone Soup version 0.29-a0-648-g6b26cc9f40 (webtiles) character file.

Game seed: 5504199476494853137

440 zishaf the Magician (level 7, -2/50 HPs)
             Began as a Djinni Venom Mage on June 20, 2022.
             Was an Initiate of Makhleb.
             Slain by an ice beast (9 damage)
             ... on level 4 of the Dungeon.
             The game lasted 00:07:47 (5192 turns).

zishaf the Magician (Djinni Venom Mage)             Turns: 5192, Time: 00:07:47

Health: -2/50      AC:  4    Str:  7    XL:     7   Next: 22%
Gold:   241        EV: 12    Int: 18    God:    Makhleb [......] SH:  0 Dex: 14

rFire   + + .      SeeInvis .   q - +4 quarterstaff (chaos)
rCold   x . .      Faith    .   (shield currently unavailable)
rNeg    . . .      Spirit   .   a - +0 robe
rPois   ∞          Reflect  .   (no helmet)
rElec   .          Harm     .   p - +1 cloak
rCorr   .          Rampage  .   (no gloves)
Will    .....                   (boots unavailable)
Stlth   ++........              (no amulet)
HPRegen 0.16/turn               (no ring)
MPRegen 0.00/turn               (no ring)

@: flying, studying Spellcasting
A: sickness immunity, fire resistance 2, cold vulnerability 1, float, innate
caster, HP casting, extra vitality 1
a: Renounce Religion


You were on level 4 of the Dungeon.
You worshipped Makhleb.
Makhleb was noncommittal.
You visited 2 branches of the dungeon, and saw 6 of its levels.

You collected 241 gold pieces.

Inventory:

Hand Weapons
 c - a +3 dagger
 f - a +0 short sword
 q - a +4 quarterstaff of chaos (weapon)
Armour
 a - a +0 robe (worn)
 p - a +1 cloak (worn)
Scrolls
 b - a scroll of teleportation
 e - a scroll of blinking
 m - a scroll of poison
Potions
 d - 2 potions of might
 g - 2 potions of curing {unknown}
 h - a potion of mutation {unknown}
 i - a potion of degeneration {unknown}
 j - a potion of flight {unknown}
 n - 3 potions of resistance {unknown}
 o - a potion of berserk rage {unknown}
 t - a potion of haste {unknown}
 u - a potion of brilliance {unknown}


   Skills:
 + Level 3.5 Fighting
 - Level 2.1 Dodging
 - Level 1.5 Stealth
 * Level 5.4 Spellcasting
 + Level 1.9 Invocations


You couldn't memorise any spells.
You knew the following spells:

 Your Spells              Type           Power      Damage    Failure   Level
a - Sting                 Tmut/Pois      96%        1d7       1%          1
b - Poisonous Vapours     Pois/Air       48%        N/A       1%          2
c - Sandblast             Erth           48%        2d12      1%          1
d - Olgreb's Toxic Radia  Pois           24%        N/A       14%         4
e - Ensorcelled Hibernat  Hex/Ice        48%        N/A       1%          2
f - Conjure Flame         Conj/Fire      24%        6-21      4%          3
z - Mephitic Cloud        Conj/Pois/Air  24%        N/A       4%          3
Your spell library was empty.

Dungeon Overview and Level Annotations

Branches:
Dungeon (5/15)             Temple (1/1) D:4

Altars:
Cheibriados
Dithmenos
Elyvilon
Gozag
Kikubaaqudgha
Makhleb
Nemelex Xobeh
Qazlal
Ru
Vehumet
Xom
Zin
The Shining One


Innate Abilities, Weirdness & Mutations

You are immune to sickness and miasma.
You are immune to poison.
Your flesh is very heat resistant. (rF++)
You are vulnerable to cold. (rC-)
You float through the air rather than walking.
You learn spells naturally, not from books.
Your magical power is your life essence.
You have superior vitality. (+4 MHP)


Message History

The sting hits the hound.
The hound looks even sicker.
The hound is severely wounded.
The hound barely misses you. The hound closely misses you.
You closely miss the hound.
The hound is severely wounded.
The hound barely misses you.
The hound stops to sniff the ground.
The hound bites you.
You thump the hound!
You feel better.
You kill the hound!
Makhleb accepts your kill.
HP restored.
Done exploring.
You fly downwards.
The quokka bites you. The ice beast misses you. The quokka closely misses you.
There is a stone staircase leading up here.
The ice beast hits you but does no damage.
The quokka bites you.
You fly upwards.
There is a stone staircase leading down here.
The quokka bites you. The quokka barely misses you.
The ice beast attacks as you move away! The ice beast hits you.
The ice beast freezes you!
You feel a terrible chill! The quokka attacks as you move away!
The quokka barely misses you.
The quokka bites you but does no damage.
The ice beast attacks as you move away! The ice beast hits you.
The ice beast freezes you!!
You feel a terrible chill!
* * * LOW HITPOINT WARNING * * *
Casting: Sting (safe; 1% risk of failure)
Confirm with . or Enter, or press ? or * to list all spells.
Aiming: Sandblast (safe; 1% risk of failure)
Press: ? - help, Shift-Dir - straight line, f - ice beast
Aim: an ice beast (81% to hit)
The blast of sand hits the ice beast but does no damage.
* * * LOW HITPOINT WARNING * * *
The ice beast hits you.
* * * LOW HITPOINT WARNING * * *
The ice beast freezes you!
You feel a terrible chill!
You die...

### ### #<#####.#
#.#.....# #.#.###.#
#.#.# #.# #######
#######@#.# #.# #.....#
#....##Y#.# #.# #.###.#
#....##r#.# #.# #.# #.#
#.......#.###.####.# #.#
#.......#..#.......# #..
#.......##.#############
#.....>.................
#.....†.#####..#.#######
#.......#..............#


You could see an ice beast and a quokka.

Vanquished Creatures
  A necrophage (D:4)
  2 scorpions (D:4)
  Crazy Yiuf (D:2)
  A hound (D:4)
  An iguana (D:3)
  6 gnolls
  3 adders
  A white imp (D:5)
  A worm (D:3)
  2 dart slugs
  An orc (D:4)
  7 ball pythons
  5 bats
  3 endoplasms
  4 giant cockroaches
  6 goblins
  10 hobgoblins
  9 jackals
  3 kobolds
  4 quokkas
  A frilled lizard (D:3)
  6 rats
78 creatures vanquished.

Notes
Turn   | Place    | Note
-------+----------+-------------------------------------------
     0 | D:1      | zishaf the Djinni Venom Mage began the quest for the Orb.
     0 | D:1      | zishaf set off with the following spells memorised: Sting,
                  | Poisonous Vapours, Mephitic Cloud, Olgreb's Toxic Radiance.
     0 | D:1      | Reached XP level 1. HP: 15/15 MP: 0/0
   358 | D:1      | Reached XP level 2. HP: 20/22 MP: 0/0
   793 | D:1      | Reached skill level 1 in Fighting
   975 | D:1      | Reached XP level 3. HP: 25/27 MP: 0/0
   975 | D:1      | Learned a level 1 spell: Sandblast
  1023 | D:1      | Reached skill level 3 in Spellcasting
  1779 | D:2      | Reached XP level 4. HP: 30/32 MP: 0/0
  2445 | D:2      | Found a runed translucent door.
  2446 | D:2      | Noticed Crazy Yiuf
  2691 | D:2      | Killed Crazy Yiuf
  2692 | D:2      | Reached XP level 5. HP: 31/38 MP: 0/0
  2692 | D:2      | Learned a level 2 spell: Ensorcelled Hibernation
  3114 | D:3      | Reached skill level 4 in Spellcasting
  3507 | D:3      | Found a stormy altar of Qazlal.
  3816 | D:4      | Identified a scroll of acquirement
  3816 | D:4      | Acquired a manual of Spellcasting
  3848 | D:4      | Found a sacrificial altar of Ru.
  3856 | D:4      | Found a staircase to the Ecumenical Temple.
  3871 | Temple   | Entered the Ecumenical Temple
  3986 | Temple   | Became a worshipper of Makhleb the Destroyer
  4059 | D:4      | Reached XP level 6. HP: 29/45 MP: 0/0
  4337 | D:4      | Reached skill level 1 in Invocations
  4488 | D:4      | Reached skill level 5 in Spellcasting
  4802 | D:4      | Reached XP level 7. HP: 38/50 MP: 0/0
  4802 | D:4      | Learned a level 3 spell: Conjure Flame
  4964 | D:5      | Entered Level 5 of the Dungeon
  5192 | D:4      | Slain by an ice beast

Illustrated notes

Levels and vault maps discovered:
D:1:      arrival_zaba_pyramid, layout_loops_corners, minmay_surrounded
D:2:      layout_loops_corners, chequers_serial_rivers_micro_b,
          uniq_crazy_yiuf_cottage
D:3:      layout_basic, nicolae_qazlal_scattered_showers
D:4:      layout_basic, mainiacjoe_overflow_tiny_flanked,
          kiku_gazebo_pond_becter, minmay_temple_entry_statues_pillars
D:5:      layout_rooms, lemuel_tele_altar, serial_shops, nicolae_diamond_shop,
          skrybe_limestone_x, uniq_blork_the_orc, uniq_edmund
Temple:   eino_wide_crystal_templ

Skill      XL: |  1  2  3  4  5  6 |
---------------+-------------------+-----
Fighting       | 1 2 3 |  3.5
Spellcasting   | 3 4 5 |  5.4
Invocations    | 1 |  1.9
Dodging        | |  2.1
Stealth        | |  1.5

Action                   |  1- 3 |  4- 6 |  7- 9 || total
-------------------------+-------+-------+-------++-------
Melee: Unarmed           |     1 |       |       ||     1
       Quarterstaff      |       |    12 |     2 ||    14
 Cast: Sting             |    38 |    26 |     2 ||    66
       Sandblast         |    11 |    47 |     2 ||    60
       Poisonous Vapours |       |    15 |       ||    15
       Mephitic Cloud    |       |     1 |       ||     1
       Conjure Flame     |       |       |     1 ||     1
  Use: Scroll            |       |    10 |       ||    10
 Stab: Sleeping          |       |     1 |       ||     1
Armor: Robe              |     2 |     7 |     4 ||    13
Dodge: Dodged            |     6 |    40 |    22 ||    68

Table legend: (Time is in decaauts)
 A = Elapsed time spent in this place.
 B = Non-inter-level travel time spent in this place.
 C = Inter-level travel time spent in this place.
 D = Time resting spent in this place.
 E = Time spent auto-exploring this place.
 F = Levels seen in this place.
 G = Mean time per level.
                   A        B        C        D        E       F      G
               +--------+--------+--------+--------+--------+-----+--------+
         Total |   5256 |   5083 |    173 |    469 |   3894 |   6 |  876.0 |
       Dungeon |   5118 |   4966 |    152 |    469 |   3788 |   5 | 1023.6 |
        Temple |    137 |    116 |     21 |      0 |    106 |   1 |  137.0 |
               +--------+--------+--------+--------+--------+-----+--------+

Top non-repeatable levels by time:
     D:1: 1565 daAuts
     D:2: 1241 daAuts
     D:4: 1175 daAuts
     D:3: 1058 daAuts
  Temple: 137 daAuts
     D:5: 79 daAuts
